 Dungeon Crawl Stone Soup version 0.18.1-6-gd335043 (webtiles) character file.

9902 shmeve the Prestidigitator (level 11, -1/103 HPs)
             Began as a Deep Dwarf Berserker on May 17, 2016.
             Was a High Priest of Trog.
             Slain by an orc knight
             ... wielding a +0 battleaxe
              (18 damage)
             ... on level 11 of the Dungeon.
             The game lasted 00:25:53 (8555 turns).

shmeve the Prestidigitator (Deep Dwarf Berserker)   Turns: 8555, Time: 00:25:54

Health: -1/103     AC: 18    Str: 23    XL:     11   Next: 29%
Magic:  14/14      EV:  8    Int: 12    God:    Trog [*****.]
Gold:   389        SH: 11    Dex: 12    Spells: 0 memorised, 10 levels left

rFire  . . .     SeeInvis .     A - +0 war axe
rCold  . . .     Gourm    .     E - +0 plate armour
rNeg   . . .     Faith    .     H - +0 shield (curse)
rPois  +         Spirit   .     L - +1 hat
rElec  .         Dismiss  .     o - +2 cloak {rPois}
rCorr  .         Reflect  .     (no gloves)
SustAt .         Harm     .     e - +0 pair of boots
MR     +....                    (no amulet)
Stlth  ..........               S - ring of poison resistance
                                U - +3 ring of intelligence

@: exhausted, non-regenerating, slowed, very slow, somewhat resistant to hostile
enchantments, extremely unstealthy
A: damage resistance, recharge devices, sense surroundings 2, slow regeneration
3
a: Device Recharging, Berserk, Trog's Hand, Brothers in Arms, Burn Spellbooks,
Renounce Religion


You were on level 11 of the Dungeon.
You worshipped Trog.
Trog was extremely pleased with you.
You were near starving.

You visited 1 branch of the dungeon, and saw 11 of its levels.
You also visited: Ossuary.

You collected 723 gold pieces.
You spent 334 gold pieces at shops.

Inventory:

Hand Weapons
 A - a +0 war axe (weapon)
Armour
 e - a +0 pair of boots (worn)
 o - a +2 cloak of poison resistance (worn)
 E - a +0 plate armour (worn)
 H - a cursed +0 shield (worn)
 L - a +1 hat (worn)
Jewellery
 y - an uncursed ring of positive energy
 S - a ring of poison resistance (right hand)
 U - a +3 ring of intelligence (left hand)
Wands
 c - a wand of heal wounds (8/9)
 I - a wand of flame (3/48)
 P - a wand of confusion (24/48)
 R - a wand of acid (8/15)
Scrolls
 a - a scroll of random uselessness {unknown}
 f - 12 scrolls of identify
 i - 7 scrolls of teleportation {unknown}
 k - 2 scrolls of magic mapping
 l - 2 scrolls of recharging {unknown}
 m - 3 scrolls of amnesia {unknown}
 n - 4 scrolls of immolation {unknown}
 r - 5 scrolls of enchant armour {unknown}
 t - 9 scrolls of remove curse
 w - 4 scrolls of fear {unknown}
 C - 2 scrolls of fog {unknown}
 K - 2 scrolls of blinking {unknown}
 N - 3 scrolls of vulnerability {unknown}
Potions
 b - a potion of resistance {unknown}
 g - 3 potions of lignification {unknown}
 j - 13 potions of curing
 q - a potion of might
 s - 3 potions of agility
 u - a potion of cancellation {unknown}
 v - 2 potions of flight {unknown}
 x - 2 potions of brilliance {unknown}
 D - 2 potions of magic {unknown}
 F - a potion of haste {unknown}
 G - 2 potions of heal wounds {unknown}
 J - a potion of mutation {unknown}
 M - 2 potions of degeneration {unknown}
 O - a potion of berserk rage {unknown}
 Q - a potion of experience {unknown}
Books
 z - a book of Maledictions

   Spells                             Type                      Level
   a - Corona                         Hexes                        1
   b - Ensorcelled Hibernation        Hexes/Ice                    2
   c - Confuse                        Hexes                        3
   d - Tukima's Dance                 Hexes                        3
   e - Dazzling Spray                 Conjuration/Hexes            3
   Trog disapproves of the use of such an item.
 T - a book of the Warp

   Spells                             Type                      Level
   a - Recall                         Summoning/Translocation      3
   b - Gell's Gravitas                Hexes/Translocation          3
   c - Force Lance                    Conjuration/Translocation    4
   d - Warp Weapon                    Charms/Translocation         5
   e - Summon Forest                  Summoning/Translocation      5
   Trog disapproves of the use of such an item.
Comestibles
 d - 9 bread rations
 h - 8 slices of pizza
 p - 5 meat rations
 B - 5 beef jerkies


   Skills:
 * Level 7.8 Fighting
 * Level 9.4 Axes
 + Level 6.6 Armour
 + Level 6.6 Dodging
 * Level 8.1 Shields
 + Level 10.7 Evocations


You had 10 spell levels left.
You didn't know any spells.

Dungeon Overview and Level Annotations

Branches:
Dungeon (11/15)            Temple (0/1) D:6            Lair (0/8) D:9
    Orc (0/2) D:9

Altars:
Ashenzari
Dithmenos
Fedhas
Kikubaaqudgha
Nemelex Xobeh
Okawaru
Qazlal
Ru
Yredelemnul
The Shining One
Beogh

Shops:
D:4 ?   D:5 :   D:7 !   D:8 *


Innate Abilities, Weirdness & Mutations

You are resistant to damage.
You can recharge devices by infusing magical energy.
You passively map the area around you.
You do not regenerate naturally.


Message History

* * * LOW HITPOINT WARNING * * *
You closely miss the orc knight.
The orc knight is moderately wounded.
The orc warrior hits you from afar with a halberd!
* * * LOW HITPOINT WARNING * * *
Your plate armour prevents you from hitting the orc knight.
The orc knight is moderately wounded.
The orc knight barely misses you.
You barely miss the orc knight.
The orc knight is moderately wounded.
The orc warrior hits you from afar with a halberd!
* * * LOW HITPOINT WARNING * * *
You closely miss the orc knight.
The orc knight is moderately wounded.
You are no longer berserk.
You are exhausted.
You feel yourself slow down.
You are near starving!
The orc knight hits you with a battleaxe!!
You die...

##########
##############
.........#
#.oo@).......#
..######.#
#.o########..#
..# #.# #.
#..# , ..# #.#
# , #..# ..#
#.# #..# * ..#
#.# , #..# ..#
#.# * #..# ,
..# #.# , #..#
..# #.# * #..#
,


You could see an orc knight and 2 orc warriors.

Vanquished Creatures
  Gastronok (D:8)
  Erica (D:10)
  Pikel (D:6)
  A komodo dragon (D:9)
  A troll (D:10)
  2 two-headed ogres
  A wyvern (D:8)
  2 wraiths (D:11)
  A human (D:7)
  A yak (D:7)
  3 hippogriffs
  2 hungry ghosts
  A water moccasin (D:8)
  Duvessa (D:6)
  2 orc warriors
  4 sky beasts
  3 ice beasts
  4 slaves (D:6)
  A wasp (D:8)
  5 ogres
  2 crocodiles
  2 centaurs (D:7)
  An elf zombie (Ossuary)
  5 giant frogs
  Dowan (D:6)
  2 wyvern skeletons
  4 scorpions
  8 killer bees
  A vampire bat (D:5)
  A howler monkey (D:6)
  2 crimson imps
  A quasit (D:6)
  A centaur zombie (D:6)
  A giant frog zombie (D:8)
  2 jellies
  3 hounds
  4 centaur skeletons
  Crazy Yiuf (D:2)
  4 orc priests
  5 giant frog skeletons
  An iron imp (D:5)
  11 orc wizards
  10 worker ants
  2 iguanas
  3 sheep (D:7)
  3 mummies (Ossuary)
  A hound skeleton (D:4)
  2 worker ant zombies
  14 adders
  A gnoll (D:1)
  A shadow imp (D:10)
  An ooze (D:4)
  2 adder skeletons (D:9)
  2 adder zombies
  2 worms (D:3)
  6 giant geckos
  41 orcs
  5 bats
  3 bat skeletons (D:5)
  2 bat zombies (D:5)
  8 giant cockroaches
  4 goblins
  9 hobgoblins
  7 jackals
  4 kobolds
  A quokka (D:4)
  2 ball pythons (D:1)
  A giant cockroach zombie (D:5)
  3 giant newts
  A goblin skeleton (D:5)
  5 goblin zombies
  6 hobgoblin zombies
  7 kobold zombies
  2 orc skeletons (D:5)
  An orc zombie (D:5)
  5 quokka zombies (Ossuary)
  8 rats
  A rat zombie (Ossuary)
  3 plants (D:9)
280 creatures vanquished.

Vanquished Creatures (others)
  A plant (D:9)
1 creature vanquished.

Grand Total: 281 creatures vanquished

Notes
Turn   | Place    | Note
--------------------------------------------------------------
     0 | D:1      | shmeve the Deep Dwarf Berserker began the quest for the Orb.
     0 | D:1      | Reached XP level 1. HP: 20/20 MP: 1/1
   173 | D:1      | Reached XP level 2. HP: 18/27 MP: 2/2
   712 | D:1      | Reached skill level 1 in Evocations
   812 | D:2      | Reached XP level 3. HP: 10/33 MP: 3/3
   832 | D:2      | Reached ** piety under Trog
   852 | D:2      | Noticed Crazy Yiuf
   862 | D:2      | Killed Crazy Yiuf
  1004 | D:2      | Reached XP level 4. HP: 27/42 MP: 5/5
  1748 | D:3      | Reached skill level 2 in Evocations
  1748 | D:3      | Reached XP level 5. HP: 30/49 MP: 6/6
  1969 | D:3      | Found a basalt altar of Yredelemnul.
  1969 | D:3      | Found a sacrificial altar of Ru.
  1969 | D:3      | Found a sparkling altar of Nemelex Xobeh.
  2265 | D:3      | Reached *** piety under Trog
  2339 | D:3      | Noticed an ogre
  2350 | D:3      | Killed an ogre
  2350 | D:3      | Reached skill level 5 in Axes
  2350 | D:3      | Reached skill level 3 in Evocations
  2350 | D:3      | Reached XP level 6. HP: 53/57 MP: 6/8
  2993 | D:4      | Found Borebbed's Magic Scroll Boutique.
  2996 | D:4      | Bought a scroll of identify for 26 gold pieces
  2996 | D:4      | Bought a scroll of remove curse for 39 gold pieces
  3028 | D:5      | Entered Level 5 of the Dungeon
  3216 | D:5      | Reached XP level 7. HP: 52/66 MP: 8/8
  3335 | D:5      | Found an ancient bone altar of Kikubaaqudgha.
  3500 | D:5      | Found an iron altar of Okawaru.
  3521 | D:5      | Found Yseclimn's Book Emporium.
  3610 | D:5      | Found a glowing golden altar of the Shining One.
  3900 | D:6      | Reached skill level 4 in Evocations
  3969 | D:6      | Reached **** piety under Trog
  3971 | D:6      | Found an iron altar of Okawaru.
  4022 | D:6      | Noticed Pikel
  4036 | D:6      | Killed Pikel
  4036 | D:6      | Reached skill level 5 in Fighting
  4036 | D:6      | Reached XP level 8. HP: 73/75 MP: 10/10
  4160 | D:6      | Reached skill level 5 in Evocations
  4169 | D:6      | Reached skill level 5 in Dodging
  4265 | D:6      | Noticed Duvessa
  4265 | D:6      | Noticed Dowan
  4274 | D:6      | Killed Duvessa
  4279 | D:6      | Killed Dowan
  4279 | D:6      | Reached skill level 5 in Armour
  4382 | D:6      | Found a staircase to the Ecumenical Temple.
  4698 | D:7      | Gained mutation: You passively map the area around you. [Deep Dwarf growth]
  4698 | D:7      | Reached XP level 9. HP: 62/82 MP: 12/12
  4771 | D:7      | Found a shattered altar of Ashenzari.
  4787 | D:7      | Found a shadowy altar of Dithmenos.
  5132 | D:7      | Found Agenise's Distillery.
  5136 | D:7      | Bought 2 potions of curing for 66 gold pieces
  5136 | D:7      | Bought a potion of agility for 44 gold pieces
  5136 | D:7      | Bought a potion of agility for 44 gold pieces
  5136 | D:7      | Bought a potion of curing for 33 gold pieces
  5376 | D:7      | Reached skill level 1 in Shields
  5376 | D:7      | Reached skill level 6 in Evocations
  5436 | D:7      | Reached skill level 7 in Evocations
  5599 | D:8      | Noticed Gastronok
  5601 | D:8      | Found a sand-covered staircase.
  5618 | D:8      | Killed Gastronok
  5618 | D:8      | Reached skill level 9 in Evocations
  5618 | D:8      | Reached XP level 10. HP: 92/92 MP: 13/16
  5662 | Ossuary  | Entered an ossuary
  5986 | D:8      | Reached skill level 10 in Evocations
  6218 | D:8      | Found Vazarusm's General Store.
  6225 | D:8      | Bought a scroll of magic mapping for 52 gold pieces
  6225 | D:8      | Bought a scroll of identify for 30 gold pieces
  6339 | D:8      | Found a stormy altar of Qazlal.
  6446 | D:9      | Found a blossoming altar of Fedhas.
  6488 | D:9      | Found a staircase to the Lair.
  6543 | D:9      | Found a staircase to the Orcish Mines.
  6566 | D:9      | Reached ***** piety under Trog
  6567 | D:9      | Found a roughly hewn altar of Beogh.
  6596 | D:9      | Found a stormy altar of Qazlal.
  7121 | D:10     | Entered Level 10 of the Dungeon
  7409 | D:10     | Noticed Erica
  7421 | D:10     | Killed Erica
  7511 | D:10     | Reached XP level 11. HP: 65/100 MP: 15/15
  8534 | D:11     | Noticed an orc knight
  8555 | D:11     | Slain by an orc knight

Skill      XL: |  1  2  3  4  5  6  7  8  9 10 11 |
---------------+----------------------------------+-----
Evocations     | 1 2 3 4 5 9 10 | 10.7
Fighting       | 3 4 5 6 7 |  7.8
Axes           | 4 5 7 8 9 |  9.4
Armour         | 3 4 5 6 |  6.6
Dodging        | 3 4 5 6 |  6.6
Shields        | 6 7 8 |  8.1

Action                   |  1- 3 |  4- 6 |  7- 9 | 10-12 || total
-------------------------+-------+-------+-------+-------++-------
Melee: Hand axe          |   113 |   270 |    84 |       ||   467
       War axe           |       |       |   294 |   455 ||   749
Invok: Berserk           |     1 |     2 |     4 |     3 ||    10
       Trog's Hand       |       |     1 |     2 |     3 ||     6
       Burn Spellbooks   |       |       |     1 |     2 ||     3
 Abil: Device Recharging |       |     1 |       |     4 ||     5
Evoke: Wand              |     1 |     3 |     5 |    39 ||    48
  Eat: Chunk             |     1 |    10 |    12 |    17 ||    40
       Fruit             |       |       |       |     2 ||     2
       Pizza             |       |       |       |     1 ||     1
Armor: Chain mail        |    84 |   177 |   157 |       ||   418
       Animal skin       |     2 |       |       |       ||     2
       Plate armour      |       |       |   210 |   252 ||   462
Dodge: Dodged            |    63 |   151 |   220 |   140 ||   574
Block: Shield            |       |       |       |   307 ||   307
